Cogmind - Beta 12 X1 @@@ ROGUE MODE // 2022.07.04 @ 21:43:47 Player: btmk16 Result: Destroyed by as-01897 with Assembled Rifle Performance ------------- Evolutions (0) 0 Regions Visited (2) 400 Robots Destroyed (13) 65 Value Destroyed (319) 319 Prototype IDs (3) 60 Alien Tech Used (0) 0 Bonus (0) 0 TOTAL SCORE: 844 Bonus ------- None Cogmind --------- Core Integrity 0/250 Matter 300/300 Energy 265/265 System Corruption 0% Temperature Cool (0) Movement Treading (160) Location -10/Mines Parts ------- > --- POWER (1) -------- Improved Ion Engine > --- PROPULSION (2) --- Light Treads Light Treads > --- UTILITY (2) ------ Heat Sink Medium Storage Unit > --- WEAPON (2) ------- Beam Cannon Light Assault Rifle > --- INVENTORY (10) --- Improved Ion Engine Aluminum Leg Compact Wheel Compact Wheel High-capacity Battery (250) Medium Matter Pod (91) High-capacity Matter Pod (45) Seismic Detector Particle Gun Light Assault Rifle Peak State ------------ > --- POWER ------------ Improved Ion Engine > --- PROPULSION ------- Light Treads Light Treads > --- UTILITY ---------- Medium Storage Unit Medium Matter Pod > --- WEAPON ----------- Beam Cannon Light Assault Rifle > --- INVENTORY -------- Ion Engine Aluminum Leg Compact Wheel Compact Wheel Heat Sink High-capacity Battery Small Matter Pod Seismic Detector Particle Gun Light Assault Rifle [Rating: 9] Favorites ----------- Power Ion Engine Engine Ion Engine Propulsion Aluminum Leg Treads Light Treads Leg Aluminum Leg Utility Medium Storage Unit Device Heat Sink Storage Medium Storage Unit Weapon Assault Rifle Energy Cannon Beam Cannon Ballistic Gun Assault Rifle Build | -11 -10 -10 ------- Run | Scr Mat Min Slots Evolved . | . . . Power . | . . . Propulsion . | . . . Utility . | . . . Weapon . | . . . Parts Attached 9 | . 8 1 Power 2 | . 2 . Engine 2 | . 2 . Core . | . . . Reactor . | . . . Propulsion 2 | . 2 . Treads 2 | . 2 . Leg . | . . . Wheel . | . . . Hover . | . . . Flight . | . . . Utility 3 | . 2 1 Device 1 | . . 1 Storage 2 | . 2 . Processor . | . . . Hackware . | . . . Protection . | . . . Artifact . | . . . Weapon 2 | . 2 . Energy Gun . | . . . Energy Cannon 1 | . 1 . Ballistic Gun 1 | . 1 . Ballistic Cannon . | . . . Launcher . | . . . Special Weapon . | . . . Impact Weapon . | . . . Slashing Weapon . | . . . Piercing Weapon . | . . . Special Melee Weapon . | . . . Unidentified Prototypes . | . . . Parts Lost 2 | . 2 . Power . | . . . Propulsion 1 | . 1 . Utility . | . . . Weapon 1 | . 1 . Highest Loss Streak 2 | . 2 . To Critical Strikes . | . . . Average Slot Usage (%) 98 | . 97 100 Engine 14 | . 14 14 Treads 12 | . 10 28 Leg 14 | . 16 . Device 1 | . . 9 Storage 25 | . 26 18 Energy Cannon 7 | . 6 14 Ballistic Gun 20 | . 21 14 Naked Turns . | . . . Heaviest Build 23 | 14 23 23 Greatest Support 40 | 20 40 40 Greatest Overweight (x) 2 | . 2 . Average Overweight (x) . | . . . Largest Inventory Capacity 10 | . 10 10 Average Capacity 9 | . 9 10 Most Carried 10 | . 10 10 Average Carried 9 | . 8 10 Final Capacity 10 | 8 10 10 Final Carried 10 | 6 10 10 Class Distribution -------------------- 100% | Mutant Dominant Class ---------------- Mutant | -10/Materials Mutant | -10/Mines Resources | -11 -10 -10 ----------- Run | Scr Mat Min Matter Collected 645 | 200 418 27 Remotely . | . . . Salvage Created 557 | . 501 56 Parts 29 | . 29 . Haulers Intercepted 2 | . 2 . Recyclers Shooed . | . . . Parts Field Recycled . | . . . Retrieved Matter . | . . . Parts Self-Destructed . | . . . Prevented . | . . . Kills | -11 -10 -10 ------- Run | Scr Mat Min Combat Hostiles Destroyed 12 | . 8 4 Guns 7 | . 6 1 Cannons 5 | . 2 3 Classes Destroyed 5 | . 4 1 Builder 2 | . 2 . Tunneler 1 | . 1 . Hauler 2 | . 2 . Grunt 8 | . 8 . Assembled 4 | . . 4 Best Kill Streak 4 | . 4 4 Combat Bots Only 4 | . 3 4 Max Kills in Single Turn 1 | . 1 1 Gunslinging . | . . . Exploded . | . . . Melee . | . . . Uniques/NPCs Destroyed . | . . . Combat | -11 -10 -10 -------- Run | Scr Mat Min Damage Taken 1143 | . 584 559 Core 258 | . 142 116 Absorbed by Shields . | . . . Core Remaining (%) 100 | 100 . . Volleys Fired 54 | . 37 17 Largest 2 | . 2 2 Hottest 80 | . 80 80 Shots Fired 108 | . 74 34 Gun 75 | . 58 17 Cannon 33 | . 16 17 Launcher . | . . . Special . | . . . Kinetic 75 | . 58 17 Thermal 33 | . 16 17 Explosive . | . . . Electromagnetic . | . . . Robot Hit Streak 19 | . 19 10 Robot Miss Streak 3 | . 3 3 Penetration Max . | . . . Secondary Targets . | . . . Shots Hit Robots 76 | . 54 22 Core Hits 37 | . 25 12 Critical Kills 1 | . 1 . Critical Parts Destroyed . | . . . Critical Strikes 1 | . 1 . Destroy 1 | . 1 . Melee Attacks . | . . . Impact . | . . . Slashing . | . . . Piercing . | . . . Sneak Attacks . | . . . Combat Hostiles . | . . . Follow-up Attacks . | . . . Damage Inflicted 1067 | . 779 288 Guns 622 | . 547 75 Cannons 445 | . 232 213 Explosions . | . . . Melee . | . . . Ramming . | . . . Kinetic 622 | . 547 75 Thermal 445 | . 232 213 Explosive . | . . . Electromagnetic . | . . . Impact . | . . . Slashing . | . . . Piercing . | . . . Highest Corruption . | . . . Average Corruption . | . . . Corruption Purged . | . . . Corruption Blocked . | . . . Overload Shots . | . . . Overflow Damage 5 | . . 5 Projectiles 5 | . . 5 Explosions . | . . . Melee . | . . . Knockbacks . | . . . Impact . | . . . Kinetic . | . . . Secondary . | . . . Self-Inflicted Damage . | . . . Shots . | . . . Rammed . | . . . Targets Rammed . | . . . Kicked . | . . . Crushed . | . . . Highest Temperature 304 | . 206 304 Average Temperature 109 | . 59 186 Received Heat Transfer 570 | . 330 240 Effects 1 | . . 1 Energy Bleed 1 | . . 1 Siege Activations . | . . . Robots Corrupted . | . . . Combat Hostiles . | . . . Parts Fried . | . . . Impact Corruptions . | . . . Robots Melted . | . . . Combat Hostiles . | . . . Parts Melted . | . . . Heat Transferred 925 | . 481 444 Parts Sabotaged . | . . . Parts Stolen . | . . . Parts Stripped . | . . . Power Chain Reactions . | . . . Missiles Intercepted . | . . . Alert | -11 -10 -10 ------- Run | Scr Mat Min Peak Influence 279 | . 279 52 Initial 52 | . . 52 Average 94 | . 101 52 Maximum Alert Level 1 | . 1 . Low Security (%) 92 | . 91 100 Level 1 7 | . 8 . Level 2 . | . . . Level 3 . | . . . Level 4 . | . . . Level 5 . | . . . High Security . | . . . Max Security . | . . . Squads Dispatched 4 | . 4 . Investigation 2 | . 2 . Extermination . | . . . Reinforcement 2 | . 2 . Assault . | . . . Garrison . | . . . Intercept . | . . . Searches Triggered . | . . . Construction Impeded . | . . . Haulers Reinforced . | . . . Active Scanning Responses . | . . . Cargo Convoy Interrupts . | . . . Stealth | -11 -10 -10 --------- Run | Scr Mat Min Distress Signals 2 | . 2 . Communications Jammed . | . . . Distress Signals . | . . . Times Spotted 29 | . 20 9 Peak Tracking Total 9 | . 5 9 Tactical Retreats 5 | . 1 4 Traps | -11 -10 -10 ------- Run | Scr Mat Min Traps Triggered . | . . . Indirectly . | . . . Trap Hack Attempts . | . . . Triggered . | . . . Disarmed . | . . . Reprogrammed . | . . . Reused . | . . . Traps Extracted . | . . . Installed . | . . . Triggered . | . . . Machines | -11 -10 -10 ---------- Run | Scr Mat Min Machines Disabled . | . . . Max in Single Turn . | . . . Machines Sabotaged . | . . . Garrisons Compromised . | . . . Overloaded Fab Kills . | . . . Hacking | -11 -10 -10 --------- Run | Scr Mat Min Machines Accessed 8 | . 8 . Terminals 6 | . 6 . Fabricators . | . . . Repair Stations . | . . . Recycling Units 2 | . 2 . Scanalyzers . | . . . Garrison Access . | . . . Total Hacks 19 | . 19 . Successful 12 | . 12 . Failed 6 | . 6 . Catastrophic . | . . . Database Lockouts 1 | . 1 . Manual 12 | . 12 . Terminals 17 | . 17 . Fabricators . | . . . Repair Stations . | . . . Recycling Units 2 | . 2 . Scanalyzers . | . . . Garrison Access . | . . . Terminal Hacks 7 | . 7 . Robot Analysis 2 | . 2 . Prototype ID Bank 2 | . 2 . Alert Level 1 | . 1 . Hauler Manifests 1 | . 1 . Registered Prototypes 1 | . 1 . Fabricator Hacks . | . . . Repair Station Hacks . | . . . Recycling Unit Hacks . | . . . Scanalyzer . | . . . Garrison Access Hacks . | . . . Unauthorized Hacks 5 | . 5 . Terminals 3 | . 3 . Track 1 | . 1 . Botnet 2 | . 2 . Fabricators . | . . . Repair Stations . | . . . Recycling Units 2 | . 2 . Tunnel 2 | . 2 . Scanalyzers . | . . . Garrison Access . | . . . Data Cores Recovered . | . . . Used . | . . . Hacking Detections 3 | . 3 . Full Trace Events 1 | . 1 . Feedback Events . | . . . Feedback Blocked . | . . . Robot Schematics Acquired . | . . . Robots Built . | . . . Authchips . | . . . Time . | . . . Total Robot Build Rating . | . . . Part Schematics Acquired . | . . . Parts Built . | . . . Authchips . | . . . Time . | . . . Total Part Build Rating . | . . . Parts Repaired . | . . . Time . | . . . Parts Recycled . | . . . Recycled Matter . | . . . Retrieved Matter . | . . . Retrieved Components . | . . . Parts Scanalyzed . | . . . Part Schematics Acquired . | . . . Parts Damaged . | . . . Bothacking | -11 -10 -10 ------------ Run | Scr Mat Min Used RIF Installer . | . . . Robots Hacked . | . . . Non-combat . | . . . Combat . | . . . Robot Hacks Applied . | . . . Relay Couplers Released . | . . . Fabnet Peak Effective % . | . . . Robots Rewired . | . . . Allies Hacked . | . . . Hacks Repelled . | . . . Allies | -11 -10 -10 -------- Run | Scr Mat Min Total Allies . | . . . Largest Group . | . . . Highest-Rated Group . | . . . Highest-Rated Ally . | . . . Total Orders . | . . . Ally Attacks . | . . . Total Damage . | . . . Kills . | . . . Allies Corrupted . | . . . Allies Melted . | . . . Intel | -11 -10 -10 ------- Run | Scr Mat Min Robot Analysis Total 2 | . 2 . Derelict Logs Recovered . | . . . Drone Launches . | . . . Drone Recoveries . | . . . Exploration | -11 -10 -10 ------------- Run | Scr Mat Min Turns Passed 1144 | . 993 151 Spaces Moved 579 | 1 515 63 Core . | . . . Treads 271 | . 208 63 Legs 308 | 1 307 . Wheels . | . . . Hover . | . . . Flight . | . . . Fastest Speed 120 | 120 120 160 Average Speed 160 | 120 160 160 Slowest Speed 260 | 120 260 160 Overloaded Moves . | . . . Propulsion Burnouts . | . . . Robots Hopped . | . . . Cave-ins Triggered . | . . . Exploration Rate (%) 40 | 2 99 19 Regions Visited 2 Branch Regions 1 Pre-discovered Areas 2 | . 2 . Known Exits Taken . | . . . Unknown Exits Taken 2 | 1 1 . Scrap Searched . | . . . Spaces Dug . | . . . Terrain Destroyed . | . . . Melee . | . . . Projectile . | . . . AOE . | . . . Terrain Rammed . | . . . Walls Destroyed . | . . . Machines Disabled . | . . . Actions | -11 -10 -10 --------- Run | Scr Mat Min Total 699 | . 617 82 Wait 41 | . 40 1 Move 577 | . 514 63 Hop . | . . . Pick Up 10 | . 10 . Fast Attach 1 | . 1 . Attach 2 | . 2 . Detach . | . . . Swap 6 | . 5 1 Drop 8 | . 8 . Fire 54 | . 37 17 Melee . | . . . Ram . | . . . Kick . | . . . Crush . | . . . Escape Stasis . | . . . Rewire . | . . . Trap . | . . . Miscellaneous . | . . . Route ------- -11/Scrapyard -10/Materials (discovered 5 exits: [*Mat x3] / [*Min x2]) -10/Mines History --------- Turn | Location | Event 1 | -11/Scrapyard | Discovered new exit (range 0) 1 | -11/Scrapyard | Entered Materials 78 | -10/Materials | Discovered new exit (range 7) 176 | -10/Materials | Discovered new exit (range 13) 306 | -10/Materials | Build established: Mutant 350 | -10/Materials | Central database locked down 427 | -10/Materials | Discovered new exit (range 16) 539 | -10/Materials | Discovered new exit (range 7) 568 | -10/Materials | Core integrity fell below 50% 884 | -10/Materials | Discovered new exit (range 8) 994 | -10/Materials | Entered Mines 1003 | -10/Mines | Assembled infested the area 1050 | -10/Mines | Core integrity fell below 20% 1145 | -10/Mines | Destroyed by as-01897 with Assembled Rifle Last Messages --------------- 00953_ A-02 Transporter destroyed. 00959_ R-06 Scavenger collects Hcp. Matter Pod. 00961_ Dropped Sml. Matter Pod. 00961_ Acquired Hcp. Matter Pod. 00962_ R-06 Scavenger collects Hcp. Matter Pod. 00968_ Extracted 50 matter. LOCATION=UNKNOWN GOAL=ESCAPE 01003_ ALERT: Infestation in the mines, dispatching Demolisher response squad. 01029_ as-22750 destroyed. 01035_ as-27134 destroyed. 01040_ Destroyed Asb. F-torch. 01048_ Overheating: Energy bleed (-49). 01050_ as-01565 destroyed. 01056_ as-26743 destroyed. 01057_ Acquired 12 matter. 01067_ Acquired 15 matter. 01085_ K-01 Serf collects debris. 01088_ K-01 Serf destroyed. Map ----- +----------------------------------------------------+ | ????????????????????????????????????? | | ????????????????????????????????????? | | ????????????????????????????????????? | | ????????????????????????????????????? | | ????????????????????????????????????? | | ????????????????????????????????????? | | ????????????????????????????????????? | | ????????????????????????????????????? | | ????????????????????????????????????? | | ???????????????## ? #?????????????? | | ??????????????? ? #????????????? | | ??????????????? ? =##??????????? | | ??????????????? ? *%##?????????? | | ??????????????? ? | ##????????? | | ??????????????? ? !%##???????? | | ??????????????? ??? * ###?????? | | ??????????????? = ??? ??????? | | ??????????????? %*??? % ???????? | | ??????????????? ! ??? ????????? | | ??????????????? ??? |?????????? | | ???????????????# ??? #??????????? | | ???????????????# #???# #???????????? | | ???????????????# ##### #???????????? | | ???????????????# #???????????? | | ??????????###### ##### #???????????? | | ??????????# @ a #???# #???????????? | | ??????????# ########## #???????????? | | ??????????# ??????# #???????????? | | ?????????? ???????# ## #???????????? | | ?????????##???????# ## #???????????? | | ??????????????????# ## #???????????? | | ??????????????????# ## #???????????? | | ??????????????????# ## #???????????? | | ??????????????????# ## #???????????? | | ??????????????????# ## #???????????? | | ?????????????###### #? #???????????? | | ?????????????# #? ???????????? | | ???????###???# ######?# #???????????? | | ??????## #??# ##?????? #???????????? | | ??????# ###=%###???? ????????????? | | ??????# =* ##??? ????????????? | | ??????## ###? ####????????? | | ???????### ##?? #????????? | | ?????????######### ##?# #??????#?? | | ?????????????????## ### ### #?? | | ?????????????????## ## %% #?? | | ????????????###### ## #### #?? | | ????????????# #????????? | | ???????????# """ #####????????? | | ???????????# """ ##????????????? | +----------------------------------------------------+ Best States ------------- Heat Dissipation 35 Energy Generation 12 Energy Capacity 265 Matter Stores 400 Matter Capacity 400 Sight Range 16 Terrain Scan Density 10 Evasion (%) 55 Recoil Reduction 2 Item Schematics ----------------- None Robot Schematics ------------------ None Fabricated ------------ Nothing Alien Tech Used ----------------- None Achievements -------------- None Challenges ------------ None Game ------ Seed VortexOpticalFlakker Manual? 0 Play Time 00:10:32 Cumulative 374.2 hours Start 2022.07.04 @ 21:33:54 End 2022.07.04 @ 21:43:47 Sessions 1 Manual Loads 0 Difficulty Rogue Special Mode None Game No. 446 Rogue 445 Adventurer 0 Explorer 1 Win Type - Total 9 Types 6/0/1/2/0/0/0/0/0 Lore% 74 Gallery% 85 Achievement% 62 Wizard Run 0 Options --------- ASCII 0 Keyboard 1 Movement Vi Keybinds 0 Fullscreen 1 Font 18/SmallcapsGlow Map View 76x50 Tactical HUD 1 Map Filters NONE Filters NONE Steam 1 RUN: 41df24cb-34c4-429f-a802-d7aaa22a1780